 Dungeon Crawl Stone Soup version 0.20.1-1-g8b1a95d (webtiles) character file.

11974 schauveau the Severer (level 11, -2/157 HPs)
             Began as a Minotaur Berserker on Dec 7, 2017.
             Was a High Priest of Trog.
             Slain by an orc warrior
             ... wielding a +0 halberd
              (16 damage)
             ... on level 11 of the Dungeon.
             The game lasted 00:18:08 (7919 turns).

schauveau the Severer (Minotaur Berserker)          Turns: 7919, Time: 00:18:09

Health: -2/157     AC: 12    Str: 32    XL:     11   Next: 56%
Magic:  10/10      EV:  9    Int:  4    God:    Trog [*****.]
Gold:   569        SH:  0    Dex: 16    Spells: 10/10 levels left

rFire    . . .     SeeInvis .   a - +2 executioner's axe (flame)
rCold    . . .     Gourm    .   (shield currently unavailable)
rNeg     . . .     Faith    +   N - +1 plate armour
rPois    .         Spirit   .   (helmet restricted)
rElec    .         Reflect  .   (no cloak)
rCorr    .         Harm     .   (no gloves)
MR       .....                  (no boots)
Stlth    ..........             d - amulet of faith
Regen    0.4/turn               E - +3 ring of strength
MPRegen  0.2/turn               o - +5 ring of dexterity

@: berserking, very quick
A: retaliatory headbutt, horns 2
a: Berserk, Trog's Hand, Brothers in Arms, Burn Spellbooks, Renounce Religion


You were on level 11 of the Dungeon.
You worshipped Trog.
Trog was extremely pleased with you.
You were not hungry.

You visited 1 branch of the dungeon, and saw 11 of its levels.

You collected 569 gold pieces.

Inventory:

Hand Weapons
 a - a +2 executioner's axe of flaming (weapon)
 b - a +0 blowgun
 h - a +0 battleaxe of freezing
 y - a +1 broad axe of chopping
 H - a +2 scimitar of flaming
 K - a +1 battleaxe of electrocution
 L - the +1 rapier of Selupefi {holy, *Slow rElec Dex+8 Stlth+}
   (You found it on level 8 of the Dungeon)

   It has been blessed by the Shining One to cause great damage to the undead
   and demons.
   It affects your dexterity (+8).
   It insulates you from electricity.
   It may slow you when you take damage.
   It makes you more stealthy.
 P - a +2 war axe of chopping
 T - a +2 battleaxe of flaming
Missiles
 i - 164 bolts
 w - a throwing net (quivered)
 A - 6 tomahawks
 B - 5 needles of sleeping
 G - 31 poisoned needles
Armour
 g - a +2 pair of boots
 N - a +1 plate armour (worn)
 R - a +0 pair of boots
Jewellery
 d - an amulet of faith (around neck)
 j - an uncursed ring of protection from magic
 l - an uncursed ring of protection from cold
 o - a +5 ring of dexterity (right hand)
 E - a +3 ring of strength (left hand)
Wands
 m - a wand of flame (27/48)
 n - a wand of polymorph (17/24)
 x - a wand of disintegration (8/24)
 F - a wand of iceblast (15/15)
 M - a wand of iceblast (8/15)
 O - a wand of disintegration (18/24)
Scrolls
 f - 6 scrolls of remove curse
 z - 2 scrolls of teleportation
 C - a scroll of blinking
 S - a scroll of identify
Potions
 e - a potion of haste
 k - 3 potions of lignification
 p - a potion of curing
 q - 4 potions of agility
 r - 2 potions of magic
 u - a potion of invisibility
 v - 2 potions of brilliance
 I - a potion of berserk rage
 Q - a potion of degeneration
Books
 D - a book of Cantrips

   Spells                             Type                      Level
   a - Confusing Touch                Hexes                        1
   b - Animate Skeleton               Necromancy                   1
   c - Summon Small Mammal            Summoning                    1
   d - Apportation                    Translocation                1
   Trog disapproves of the use of such an item.
Comestibles
 c - 9 bread rations
 s - 9 chunks of flesh
 t - 7 meat rations
 J - 12 royal jellies


   Skills:
 + Level 12.7 Fighting
 * Level 17.2 Axes
 - Level 2.4 Armour
 - Level 2.1 Dodging


You had 10 spell levels left.
You didn't know any spells.

Dungeon Overview and Level Annotations

Branches:
Dungeon (11/15)            Temple (0/1) D:5             Orc (0/2) D:9
   Lair: D:8-11

Altars:
Ashenzari
Fedhas
Gozag
Ru
Vehumet
The Shining One

Shops:
D:8 (

Portals:
Bailey: D:11

Annotations:
D:5 exclusion: statue


Innate Abilities, Weirdness & Mutations

You reflexively headbutt those who attack you in melee.
You have a pair of horns on your head.


Message History

A red film seems to cover your vision as you go berserk!
You feel yourself moving faster!
You feel mighty!
You feel quite a bit more hungry. The orc hits you but does no damage.
An orc wizard comes into view. It is wielding a dagger.
You feel a strong urge to attack something.
The orc wizard shouts!
The orc warrior barely misses you.
An orc comes into view.
Things that are here:
a spear; an enchanted spear; a goblin corpse The orc shouts!
You hit the orc warrior. You burn the orc warrior.
Your headbutt misses the orc warrior.
The orc warrior is lightly wounded.
You slash the orc! You burn the orc.
You kill the orc!
Trog accepts your kill.
You hear a splash.
The orc warrior hits you with a halberd!
You die...

######## ###....
........ ...... ..#####
....#### ..# #.≈ ≈≈o...#
..# ##.≈#####≈)?..# ..#
#..≈#...#≈....# . ..#
#..≈#.∩..≈o)..# .. ..#
#..≈#...#)o####...
..#####..≈#####≈@..r....
.........≈≈≈≈≈)≈).......
..........o...†÷........
...<.....>....((........
............########....
............# ####
............#
....#######.# ....# #.#


You could see an orc warrior, a porcupine, an orc wizard and 2 orcs.

Vanquished Creatures
  A centaur warrior (D:11)
  3 two-headed ogres
  An ugly thing (D:10)
  A centaur zombie (D:11)
  A gargoyle (D:10)
  A komodo dragon (D:10)
  A troll (D:9)
  2 hippogriffs
  A wraith (D:10)
  7 yaks
  A steam dragon (D:9)
  3 wargs (D:9)
  6 orc warriors
  A black bear (D:6)
  An ice beast (D:8)
  A sky beast (D:5)
  A necrophage (D:5)
  A phantom (D:4)
  4 ogres
  3 centaurs
  Blork the orc (D:5)
  4 big kobolds
  4 bullfrogs
  2 wyvern zombies
  4 scorpions
  4 killer bees
  4 wights (D:10)
  A bullfrog zombie (D:6)
  The ghost of dscm the Digger, a weakling OpEE (D:4)
  2 howler monkeys
  3 crimson imps
  4 orc priests
  3 hounds
  A bullfrog skeleton (D:5)
  4 jellies (D:8)
  9 orc wizards
  A gnoll shaman (D:7)
  3 iguanas
  4 worker ants
  2 hound skeletons
  A hound zombie (D:7)
  A worker ant zombie (D:5)
  2 howler monkey skeletons
  10 adders
  9 gnolls
  5 oozes (D:8)
  An adder zombie (D:9)
  3 worms (D:2)
  3 dart slugs
  4 leopard geckos
  58 orcs
  11 bats
  6 giant cockroaches
  13 goblins
  5 hobgoblins
  5 jackals
  A quokka (D:6)
  A ball python (D:4)
  6 frilled lizards
  30 kobolds
  A leopard gecko skeleton (D:5)
  2 quokka skeletons
  10 rats
290 creatures vanquished.

Vanquished Creatures (collateral kills)
  Erica (D:8)
  A skeletal warrior (D:11)
  A deep elf mage (D:11)
  A cyclops (D:11)
  2 yaks (D:11)
  2 orc warriors (D:11)
  An ogre (shapeshifter) (D:11)
  A bullfrog (D:11)
  3 killer bees (D:11)
  A howler monkey (D:11)
  A crimson imp (D:8)
  4 orc wizards (D:11)
  A worker ant (D:11)
  6 orcs (D:11)
  4 goblins (D:11)
  A quokka (D:11)
31 creatures vanquished.

Grand Total: 321 creatures vanquished

Notes
Turn   | Place    | Note
-------+----------+-------------------------------------------
     0 | D:1      | schauveau the Minotaur Berserker began the quest for the Orb.
     0 | D:1      | Reached XP level 1. HP: 19/19 MP: 0/0
   192 | D:1      | Reached skill level 4 in Axes
   192 | D:1      | Reached XP level 2. HP: 15/27 MP: 1/1
   425 | D:1      | Reached ** piety under Trog
   519 | D:1      | Reached XP level 3. HP: 33/33 MP: 2/2
   847 | D:2      | Reached skill level 5 in Axes
   941 | D:2      | Reached XP level 4. HP: 38/41 MP: 3/3
  1595 | D:3      | Found a blossoming altar of Fedhas.
  1629 | D:3      | Reached *** piety under Trog
  1635 | D:3      | Reached skill level 5 in Fighting
  1663 | D:3      | Reached skill level 6 in Axes
  1663 | D:3      | Reached XP level 5. HP: 48/48 MP: 4/4
  1748 | D:3      | Found a shattered altar of Ashenzari.
  2188 | D:5      | Entered Level 5 of the Dungeon
  2293 | D:4      | Got a steaming falchion
  2303 | D:4      | Noticed dscm's ghost (weakling OpEE)
  2310 | D:4      | Killed dscm's ghost
  2310 | D:4      | Reached skill level 7 in Axes
  2310 | D:4      | Reached XP level 6. HP: 56/56 MP: 5/5
  2422 | D:4      | Found a glowing golden altar of the Shining One.
  2610 | D:5      | Reached skill level 8 in Axes
  2612 | D:5      | Reached **** piety under Trog
  2724 | D:5      | Reached XP level 7. HP: 45/63 MP: 6/6
  2796 | D:5      | Reached skill level 9 in Axes
  2805 | D:5      | Found a radiant altar of Vehumet.
  3083 | D:5      | Noticed Blork the orc
  3086 | D:5      | Killed Blork the orc
  3170 | D:5      | Reached XP level 8. HP: 72/72 MP: 7/7
  3180 | D:5      | Reached skill level 10 in Axes
  3338 | D:5      | Found a staircase to the Ecumenical Temple.
  3623 | D:5      | Received a gift from Trog
  3883 | D:6      | Noticed a hippogriff
  3889 | D:6      | Killed a hippogriff
  3889 | D:6      | Reached skill level 11 in Axes
  4161 | D:6      | Reached ***** piety under Trog
  4296 | D:7      | Found an opulent altar of Gozag.
  4401 | D:7      | Reached XP level 9. HP: 70/81 MP: 8/8
  4688 | D:7      | Reached skill level 12 in Axes
  4986 | D:8      | Noticed a two-headed ogre
  4999 | D:8      | Killed a two-headed ogre
  5334 | D:8      | Noticed Erica
  5339 | D:8      | Killed Erica
  5339 | D:8      | Reached skill level 13 in Axes
  5513 | D:8      | Reached skill level 10 in Fighting
  6024 | D:8      | Found Riah's Weapon Emporium.
  6081 | D:8      | Reached skill level 14 in Axes
  6128 | D:8      | Reached XP level 10. HP: 88/93 MP: 9/9
  6132 | D:8      | Noticed a two-headed ogre
  6140 | D:8      | Killed a two-headed ogre
  6150 | D:8      | Got a smoking rapier
  6151 | D:8      | Identified the +1 rapier of Selupefi {holy, *Slow rElec Dex+8 Stlth+} (You found it on level 8 of the Dungeon)
  6152 | D:8      | Identified the cursed +0 falchion of Turmoil {speed, rN+} (You found it on level 4 of the Dungeon)
  6498 | D:9      | Noticed a two-headed ogre
  6502 | D:9      | Killed a two-headed ogre
  6658 | D:9      | Reached skill level 15 in Axes
  6747 | D:9      | Received a gift from Trog
  6812 | D:9      | Found a staircase to the Orcish Mines.
  6977 | D:9      | Found a sacrificial altar of Ru.
  7168 | D:10     | Entered Level 10 of the Dungeon
  7168 | D:10     | Found a blossoming altar of Fedhas.
  7381 | D:10     | Received a gift from Trog
  7381 | D:10     | Reached skill level 16 in Axes
  7381 | D:10     | Reached XP level 11. HP: 95/104 MP: 10/10
  7411 | D:10     | Noticed a brown ugly thing
  7419 | D:10     | Killed a brown ugly thing
  7539 | D:10     | Found a sacrificial altar of Ru.
  7754 | D:11     | Noticed a centaur warrior
  7763 | D:11     | Killed a centaur warrior
  7770 | D:11     | Noticed a skeletal warrior
  7773 | D:11     | Noticed a deep elf mage
  7779 | D:11     | Killed a deep elf mage
  7782 | D:11     | Killed a skeletal warrior
  7782 | D:11     | Reached skill level 17 in Axes
  7898 | D:11     | Found a flagged portal.
  7900 | D:11     | Received a gift from Trog
  7914 | D:11     | HP: 3/105 [orc warrior/halberd (15)]
  7919 | D:11     | Slain by an orc warrior

Skill      XL: |  1  2  3  4  5  6  7  8  9 10 11 |
---------------+----------------------------------+-----
Axes           | 4 5 6 7 8 9 11 14 16 17 | 17.2
Fighting       | 4 5 6 7 8 10 11 12 | 12.7
Armour         | |  2.4
Dodging        | |  2.1

Action                   |  1- 3 |  4- 6 |  7- 9 | 10-12 || total
-------------------------+-------+-------+-------+-------++-------
Melee: Hand axe          |    86 |   147 |    32 |       ||   265
       Headbutt          |    12 |    33 |    41 |    41 ||   127
       War axe           |       |       |   146 |    63 ||   209
       Battleaxe         |       |       |       |    41 ||    41
       Broad axe         |       |       |       |    33 ||    33
       Executioner's axe |       |       |       |    52 ||    52
Invok: Berserk           |       |     2 |     1 |     1 ||     4
       Burn Spellbooks   |       |     1 |       |     1 ||     2
       Brothers in Arms  |       |       |     1 |     3 ||     4
  Use: Scroll            |     3 |    10 |     6 |    10 ||    29
       Potion            |       |       |     2 |     3 ||     5
  Eat: Chunk             |       |     7 |     5 |     3 ||    15
       Meat ration       |       |       |     1 |     1 ||     2
       Fruit             |       |       |     3 |       ||     3
Armor: Animal skin       |    10 |       |       |       ||    10
       Leather armour    |     7 |       |       |       ||     7
       Scale mail        |    23 |    68 |    19 |       ||   110
       Chain mail        |       |       |    50 |       ||    50
       Plate armour      |       |       |    14 |   119 ||   133
Dodge: Dodged            |    61 |    91 |    82 |    77 ||   311
